 Dungeon Crawl Stone Soup version 0.28-a0-1506-g3893175d92 (webtiles) character file.

Game seed: 17754338486368825534

4572 dolemite99 the Grappler (level 10, -5/88 HPs)
             Began as a Troll Delver on Jan 14, 2022.
             Was an Initiate of Yredelemnul.
             Slain by a bone dragon (12 damage)
             ... on level 1 of the Abyss.
             The game lasted 00:11:29 (9603 turns).

dolemite99 the Grappler (Troll Delver)              Turns: 9603, Time: 00:11:30

Health: -5/88      AC:  4    Str: 26    XL:     10   Next: 18%
Magic:  9/9        EV:  8    Int:  6    God:    Yredelemnul [......]
Gold:   384        SH: 11    Dex: 11    Spells: 9/9 levels left

rFire   . . .      SeeInvis .     - Unarmed
rCold   . . .      Faith    .   g - +1 kite shield
rNeg    . . .      Spirit   .   a - +0 robe
rPois   .          Reflect  .   (helmet restricted)
rElec   .          Harm     .   (no cloak)
rCorr   .          Rampage  .   (gloves unavailable)
Will    .....                   (boots unavailable)
Stlth   ++........              (no amulet)
HPRegen 0.00/turn               (no ring)
MPRegen 0.11/turn               (no ring)

@: sick
A: large, unfitting armour, claws 3, regeneration 1, shaggy fur 1, tough skin 1
a: Renounce Religion, Recall Undead Harvest


You were on level 1 of the Abyss.
You worshipped Yredelemnul.
Yredelemnul was noncommittal.
You visited 2 branches of the dungeon, and saw 11 of its levels.
You visited the Abyss 1 time.

You collected 384 gold pieces.

Inventory:

Hand Weapons
 u - a +0 dagger
Missiles
 e - 13 poisoned darts (quivered)
 p - 117 stones
 x - 44 bolts
 y - 2 throwing nets
Armour
 a - a +0 robe (worn)
 g - a +1 kite shield (worn)
Magical Staves
 r - a staff of death
 D - a staff of air
Wands
 f - a wand of digging (3)
 i - a wand of paralysis (6)
 v - a wand of mindburst (6)
Scrolls
 b - 2 scrolls of fog
 c - 4 scrolls of magic mapping
 d - a scroll of fear
 k - a scroll of immolation
 l - a scroll of amnesia
 m - 2 scrolls of brand weapon
 q - 4 scrolls of teleportation
 A - 2 scrolls of blinking
 B - a scroll of enchant weapon
Potions
 j - 2 potions of lignification {unknown}
 n - a potion of brilliance
 o - 2 potions of degeneration
 s - 2 potions of ambrosia
 t - a potion of cancellation
 z - a potion of might {unknown}
 C - a potion of magic {unknown}
 E - a potion of heal wounds {unknown}


   Skills:
 - Level 2.4 Fighting
 - Level 1.5 Dodging
 - Level 2.7 Stealth
 - Level 8.9 Shields
 + Level 10.7 Unarmed Combat


You had 9 spell levels left.
You didn't know any spells.
Your spell library contained the following spells:

 Spells                   Type           Power      Damage    Failure   Level
 Blink                    Tloc           0%         N/A       82%         2
 Ensorcelled Hibernation  Hex/Ice        0%         N/A       82%         2
 Conjure Flame            Conj/Fire      0%         6-21      96%         3
 Ignite Poison            Fire/Tmut/Pois 0%         N/A       96%         3
 Inner Flame              Hex/Fire       0%         N/A       96%         3
 Lesser Beckoning         Tloc           0%         N/A       96%         3
 Mephitic Cloud           Conj/Pois/Air  0%         N/A       96%         3
 Cause Fear               Hex            0%         N/A       100%        4
 Sticky Flame             Conj/Fire      0%         2d3       100%        4
 Blade Hands              Tmut           0%         N/A       100%        5
 Freezing Cloud           Conj/Ice/Air   0%         6-21      100%        5
 Irradiate                Conj/Tmut      0%         3d13      100%        5
 Dragon Form              Tmut           0%         N/A       100%        7
 Discord                  Hex            0%         N/A       100%        8


Dungeon Overview and Level Annotations

Branches:
Dungeon (10/15)            Temple (0/1) D:5            Lair (1/6) D:9
    Orc (0/2) D:10

Altars:
Cheibriados
Dithmenos
Fedhas
Hepliaklqana
Kikubaaqudgha
Nemelex Xobeh
Qazlal
Ru
Sif Muna
Trog
Vehumet
Wu Jian
Yredelemnul

Shops:
D:6 *   D:8 (=

Annotations:
D:6 exclusion: statue
D:10 Erolcha


Innate Abilities, Weirdness & Mutations

You are too large for most types of armour.
You have claws for hands.
Your natural rate of healing is unusually fast.
You are covered in fur. (AC +1)
You have tough skin. (AC +1)


Message History

The ancient zyme is moderately damaged.
The ancient zyme barely misses you.
The ancient zyme hits you but does no damage.
You barely miss the ancient zyme.
The ancient zyme is moderately damaged.
The ancient zyme hits you. The ancient zyme hits you!
You feel ill.
You scratch the ancient zyme.
The ancient zyme is heavily damaged.
You block the ancient zyme's attack. x2; You feel ill.
You scratch the ancient zyme but do no damage.
The ancient zyme is heavily damaged.
You scratch the ancient zyme but do no damage.
The ancient zyme is heavily damaged.
The ancient zyme closely misses you. The ancient zyme hits you!
You mangle the ancient zyme!!
The ancient zyme is almost destroyed.
You block the ancient zyme's attack. x2
You barely miss the ancient zyme.
The ancient zyme is almost destroyed.
The ancient zyme barely misses you.
The ancient zyme hits you but does no damage.
You closely miss the ancient zyme.
The ancient zyme is almost destroyed.
The ancient zyme barely misses you. x2; You feel ill.
A bone dragon comes into view.
You scratch the ancient zyme but do no damage.
The ancient zyme is almost destroyed.
The ancient zyme hits you! You block the ancient zyme's attack.
You scratch the ancient zyme.
The ancient zyme is almost destroyed.
An ancient zyme comes into view.
You block the ancient zyme's attack. x2; You feel ill.
You scratch the bone dragon but do no damage.
The bone dragon bites you!!
* * * LOW HITPOINT WARNING * * *
The bone dragon claws you!
* * * LOW HITPOINT WARNING * * *
The bone dragon tramples you!
You die...
Your body rises from the dead as a mindless zombie.

# . ..## .
.. # .. #.
### # .#
.. . #...
###. ...
#.# #.#
###..
..##. #.#
##...# .
.# ..#
##xx#
..#.#...##
#D# # .# #
# #@## # .
. ..###..#
#.#.
..#...###
..
#....###
##..#. ##
.# #.#..
.# # .##
####


You could see a bone dragon and 2 ancient zymes.

Vanquished Creatures
  Harold (D:8)
  A wyvern (D:8)
  A shadow (D:9)
  Edmund (D:6)
  A water moccasin (D:7)
  An orc warrior (D:7)
  A sky beast (D:7)
  A necrophage (D:5)
  5 centaurs
  A phantom (D:6)
  2 kobold brigands
  4 scorpions
  2 bullfrogs
  2 gnoll sergeants
  A water moccasin skeleton (D:5)
  4 killer bees
  8 wights (D:8)
  4 howler monkeys
  2 centaur zombies
  A jelly (D:8)
  A bullfrog zombie (D:5)
  A hound (D:5)
  A gnoll shaman (D:9)
  A bullfrog skeleton (D:6)
  3 orc priests
  Jessica (D:3)
  2 iguanas
  3 orc wizards
  23 gnolls
  3 adders
  2 shadow imps
  An ufetubus (D:7)
  An adder skeleton (D:5)
  3 worms
  12 orcs
  4 bats
  9 endoplasms
  3 giant cockroaches
  4 goblins (D:1)
  8 hobgoblins
  3 kobolds
  2 quokkas
  3 ball pythons
  8 frilled lizards
  A gnoll zombie (D:5)
  7 rats
154 creatures vanquished.

Vanquished Creatures (collateral kills)
  A bullfrog (D:4)
  A kobold brigand (D:6)
  A scorpion (D:7)
  3 gnolls
  A howler monkey skeleton (D:7)
  2 giant cockroaches
  2 frilled lizards (D:3)
  8 kobolds
19 creatures vanquished.

Vanquished Creatures (others)
  A scorpion zombie (D:5)
  4 killer bee zombies
  An iguana zombie (D:7)
  2 gnoll zombies
  2 frilled lizard zombies (D:3)
  A kobold zombie (D:1)
  An orc zombie (D:8)
  A fungus (D:2)
  2 plants (D:3)
15 creatures vanquished.

Grand Total: 188 creatures vanquished

Notes
Turn   | Place    | Note
-------+----------+-------------------------------------------
     0 | D:5      | dolemite99 the Troll Delver began the quest for the Orb.
     0 | D:5      | Reached XP level 1. HP: 22/22 MP: 0/0
     3 | D:5      | Noticed a scorpion
    19 | D:5      | Killed a scorpion
    20 | D:5      | Reached skill level 4 in Unarmed Combat
    20 | D:5      | Reached XP level 2. HP: 5/29 MP: 1/1
    20 | D:5      | Reached XP level 3. HP: 6/36 MP: 2/2
   187 | D:5      | Reached XP level 4. HP: 39/44 MP: 3/3
   332 | D:5      | Noticed a necrophage
   333 | D:5      | Noticed a gnoll sergeant
   368 | D:5      | Killed a necrophage
   369 | D:5      | Reached skill level 5 in Unarmed Combat
   369 | D:5      | Reached XP level 5. HP: 14/50 MP: 4/4
   682 | D:5      | Reached skill level 6 in Unarmed Combat
   685 | D:5      | Reached XP level 6. HP: 30/59 MP: 5/5
  1017 | D:5      | Reached skill level 1 in Shields
  1214 | D:4      | Found a shadowy altar of Dithmenos.
  1214 | D:4      | Found a basalt altar of Yredelemnul.
  1222 | D:4      | Became a worshipper of Yredelemnul the Dark
  1629 | D:1      | Reached * piety under Yredelemnul
  1828 | D:1      | Reached ** piety under Yredelemnul
  2215 | D:2      | Found a faded altar of an unknown god.
  2809 | D:3      | Found an ornate altar of the Wu Jian Council.
  2997 | D:3      | Noticed Jessica
  3003 | D:3      | Found a shimmering blue altar of Sif Muna.
  3029 | D:3      | Killed Jessica
  3327 | D:4      | Reached XP level 7. HP: 66/66 MP: 6/6
  3371 | D:4      | Found a blossoming altar of Fedhas.
  3371 | D:4      | Found an ancient bone altar of Kikubaaqudgha.
  3532 | D:4      | Found a sparkling altar of Nemelex Xobeh.
  3633 | D:4      | Found a stormy altar of Qazlal.
  3639 | D:4      | Found a sacrificial altar of Ru.
  4379 | D:5      | Found a hazy altar of Hepliaklqana.
  4514 | D:5      | Reached skill level 5 in Shields
  4532 | D:5      | Found a staircase to the Ecumenical Temple.
  4773 | D:5      | Found a bloodstained altar of Trog.
  5007 | D:6      | Found Ushififf's Lightly-Used Armoury.
  5106 | D:6      | Found a radiant altar of Vehumet.
  5201 | D:6      | Noticed Edmund
  5224 | D:6      | Killed Edmund
  5225 | D:6      | Reached XP level 8. HP: 35/74 MP: 7/7
  6169 | D:7      | Reached XP level 9. HP: 71/80 MP: 8/8
  6925 | D:8      | Reached skill level 7 in Unarmed Combat
  7336 | D:8      | Noticed Harold
  7399 | D:8      | Killed Harold
  7400 | D:8      | Reached skill level 8 in Unarmed Combat
  7687 | D:8      | Reached skill level 9 in Unarmed Combat
  8063 | D:8      | Found Loyremputs's Weapon Boutique.
  8076 | D:8      | Found Zang's Jewellery Shoppe.
  8319 | D:9      | Got Jeteppiu's Tome of Hexes and Displacement
  8765 | D:9      | Reached skill level 10 in Unarmed Combat
  8765 | D:9      | Reached XP level 10. HP: 88/88 MP: 9/9
  8768 | D:9      | Found a snail-covered altar of Cheibriados.
  8873 | D:9      | Found a staircase to the Lair.
  9207 | Lair:1   | Entered Level 1 of the Lair of Beasts
  9207 | Lair:1   | Noticed a seven-headed hydra
  9212 | D:10     | Entered Level 10 of the Dungeon
  9360 | D:10     | Found a staircase to the Orcish Mines.
  9405 | D:10     | Noticed Erolcha
  9432 | D:10     | Cast into level 1 of the Abyss (Erolcha)
  9557 | Abyss:1  | Noticed a tentacled starspawn
  9599 | Abyss:1  | Noticed a bone dragon
  9603 | Abyss:1  | Slain by a bone dragon

Illustrated notes

Levels and vault maps discovered:
D:1:      ncdulo_smallfort, layout_basic, st_stairs_4, minmay_misc_feat_room
D:2:      layout_basic, shapermc_ecumenical_altar_acropolis
D:3:      layout_loops_ring, nicolae_wu_jian_immortal_techniques, tgw_sif,
          kennysheep_nondescript, minmay_lizard_king
D:4:      layout_gridville, grunt_temple_overflow_growth_and_decay,
          nemelex_dance_club_becter, mainiacjoe_overflow_divided_tiny,
          jmf_multi_god_temple, grunt_ministairs_4, minmay_misc_feat_enclosed
D:5:      layout_layer_cave, nzn_hepliaklqana_mist_gate,
          mainiacjoe_overflow_small_starburst, minmay_temple_entry_antechambers
D:6:      layout_loops_ring, vehumet_statue, chequers_serial_rivers_small_a,
          hangedman_decor_opposing, minmay_shop_damaged, minmay_fountain_box,
          kennysheep_another_room, uniq_edmund
D:7:      layout_basic
D:8:      layout_loops_ring, serial_shops, nicolae_shop_waterfront,
          nicolae_shop_trees, uniq_harold
D:9:      layout_rooms, mainiacjoe_overflow_alcove_2, lair_entry_dummy,
          minmay_misc_feat_five
D:10:     layout_basic, orc_0_dummy, nicolae_figureground_pulse, uniq_erolcha
Lair:1:   layout_misc_corridors, serial_bayou_pond_c, beast_lair_carwin_4
Abyss:1:  base:
D:10

Skill      XL: |  1  2  3  4  5  6  7  8  9 |
---------------+----------------------------+-----
Unarmed Combat | 4 5 6 10 | 10.7
Shields        | 3 5 8 |  8.9
Fighting       | |  2.4
Dodging        | |  1.5
Stealth        | |  2.7

Action                   |  1- 3 |  4- 6 |  7- 9 | 10-12 || total
-------------------------+-------+-------+-------+-------++-------
Melee: Unarmed           |    10 |   164 |   273 |    40 ||   487
       Punch             |     2 |       |       |       ||     2
Throw: Dart              |       |    32 |    16 |       ||    48
       Stone             |       |     2 |       |       ||     2
Evoke: Wand              |       |       |     1 |       ||     1
  Use: Potion            |     1 |       |       |     3 ||     4
       Scroll            |       |     3 |    10 |       ||    13
 Stab: Sleeping          |       |     1 |     2 |     1 ||     4
Armor: Robe              |     4 |    43 |    51 |     9 ||   107
Dodge: Dodged            |     3 |    45 |   101 |    10 ||   159
Block: Kite shield       |       |    43 |   144 |    22 ||   209

Table legend: (Time is in decaauts)
 A = Elapsed time spent in this place.
 B = Non-inter-level travel time spent in this place.
 C = Inter-level travel time spent in this place.
 D = Time resting spent in this place.
 E = Time spent auto-exploring this place.
 F = Levels seen in this place.
 G = Mean time per level.
                   A        B        C        D        E       F      G
               +--------+--------+--------+--------+--------+-----+--------+
         Total |   9579 |   9219 |    360 |   2211 |   5174 |  12 |  798.2 |
       Dungeon |   9415 |   9055 |    360 |   2094 |   5174 |  10 |  941.5 |
          Lair |      1 |      1 |      0 |      0 |      0 |   1 |    1.0 |
         Abyss |    162 |    162 |      0 |    117 |      0 |   1 |  162.0 |
               +--------+--------+--------+--------+--------+-----+--------+

Top non-repeatable levels by time:
     D:5: 1716 daAuts
     D:8: 1647 daAuts
     D:6: 1147 daAuts
     D:4: 1085 daAuts
     D:7: 1052 daAuts
     D:3: 738 daAuts
     D:1: 610 daAuts
     D:2: 605 daAuts
     D:9: 601 daAuts
    D:10: 210 daAuts
 Abyss:1: 162 daAuts
  Lair:1: 1 daAuts
